 Dungeon Crawl Stone Soup version 0.28.0-53-g5a82cb258f (webtiles) character file.

Game seed: 11400758708865209846

149 safid the Chopper (level 5, -5/46 HPs)
             Began as a Hill Orc Fighter on Aug 15, 2022.
             Slain by an ogre
             ... wielding a +0 giant club
              (24 damage)
             ... on level 4 of the Dungeon.
             The game lasted 00:05:40 (2268 turns).

safid the Chopper (Hill Orc Fighter)                Turns: 2268, Time: 00:05:41

Health: -5/46      AC:  7    Str: 21    XL:     5   Next: 31%
Magic:  5/5        EV:  9    Int:  8    God:
Gold:   124        SH:  4    Dex: 10    Spells: 4/4 levels left

rFire   . . .      SeeInvis .   a - +0 war axe
rCold   . . .      Faith    .   c - +0 buckler
rNeg    . . .      Spirit   .   b - +0 scale mail
rPois   .          Reflect  .   (no helmet)
rElec   .          Harm     .   (no cloak)
rCorr   .          Rampage  .   (no gloves)
Will    .....                   (no boots)
Stlth   ..........              (no amulet)
HPRegen 0.15/turn               h - +4 ring of slaying
MPRegen 0.09/turn               (no ring)

@: no status effects
A: no striking features
a: no special abilities


You were on level 4 of the Dungeon.
You visited 1 branch of the dungeon, and saw 4 of its levels.

You collected 124 gold pieces.

Inventory:

Hand Weapons
 a - a +0 war axe (weapon)
Missiles
 t - 4 poisoned darts (quivered)
Armour
 b - a +0 scale mail (worn)
 c - a +0 buckler (worn)
Jewellery
 f - an amulet of magic regeneration
 h - a +4 ring of slaying (left hand)
 j - a ring of fire
Scrolls
 e - 2 scrolls of teleportation {unknown}
 g - 5 scrolls of identify {unknown}
 k - a scroll of amnesia {unknown}
 l - a scroll of fear {unknown}
 n - a scroll of enchant armour {unknown}
 o - 3 scrolls of blinking {unknown}
 p - a scroll of fog {unknown}
Potions
 d - a potion of might
 i - a potion of curing {unknown}
 m - a potion of cancellation {unknown}
 q - a potion of brilliance {unknown}
 r - a potion of attraction {unknown}
 s - a potion of lignification {unknown}


   Skills:
 - Level 4.0 Fighting
 + Level 5.7 Axes
 - Level 4.0 Armour
 - Level 4.0 Shields


You had 4 spell levels left.
You didn't know any spells.
Your spell library contained the following spells:

 Spells                   Type           Power      Damage    Failure   Level
 Ozocubu's Armour         Ice            0%         N/A       99%         3
 Metabolic Englaciation   Hex/Ice        0%         N/A       100%        5
 Simulacrum               Ice/Necr       0%         N/A       100%        6


Dungeon Overview and Level Annotations

Branches:
Dungeon (4/15)
 Temple: D:4-7

Altars:


Message History

You climb downwards.
Found two stone staircases leading down.
There is a stone staircase leading up here.
There is a stone staircase leading down here.
Found a stone staircase leading up.
An adder comes into view.
The adder hisses angrily.
An adder is nearby!
An adder comes into view.
The adder hisses angrily.
You see here a book of Winter.
You barely miss the adder.
The adder bites you but does no damage. x2
You hit the adder.
The adder is moderately wounded.
The adder barely misses you.
You slash the adder!
You kill the adder!
You miss the adder.
The adder bites you but does no damage. x2
You hit the adder.
The adder is moderately wounded.
You block the adder's attack. x2
You slash the adder!
You kill the adder!
No target in view!
You pick up a book of Winter and begin reading...
You add the spells Ozocubu's Armour, Metabolic Englaciation and Simulacrum to your library.
An ogre comes into view. It is wielding a +0 giant club.
The ogre shouts!
An endoplasm comes into view.
You barely miss the ogre. The ogre barely misses you.
You barely miss the ogre. The ogre hits you with a +0 giant club!
You hit the ogre.
The ogre is lightly wounded.
The ogre hits you with a +0 giant club!
You are too injured to fight recklessly!
You hit the ogre.
The ogre is lightly wounded.
The ogre hits you with a +0 giant club!!
Ouch! That really hurt!
You die...

..## ... ..# # ##..
. #. #.. .# #.
#.##.### .....
#.#..J...# ....#
#...#@O#######....#
#.....#...#......
###............#
###..<.>.....#..
#..........#.#
#.#.......##.#
#.#.......# .#
..#.#####.##.#
.###.#####....#


You could see an ogre and an endoplasm.

Vanquished Creatures
  7 gnolls
  2 adders (D:4)
  An ufetubus (D:3)
  4 worms
  6 orcs
  2 endoplasms (D:1)
  2 giant cockroaches (D:2)
  A goblin (D:2)
  A hobgoblin (D:1)
  3 jackals (D:3)
  6 kobolds
  4 ball pythons
  3 bats
  4 frilled lizards
  A rat (D:1)
47 creatures vanquished.

Notes
Turn   | Place    | Note
-------+----------+-------------------------------------------
     0 | D:1      | safid the Hill Orc Fighter began the quest for the Orb.
     0 | D:1      | Reached XP level 1. HP: 19/19 MP: 1/1
   283 | D:1      | Reached XP level 2. HP: 27/27 MP: 2/2
   299 | D:1      | Found a faded altar of an unknown god.
   346 | D:1      | Reached skill level 3 in Axes
   576 | D:2      | Reached XP level 3. HP: 33/33 MP: 3/3
   714 | D:2      | Reached XP level 4. HP: 33/40 MP: 4/4
   841 | D:2      | Reached skill level 4 in Axes
  1179 | D:3      | HP: 1/40 [gnoll/+0 spear (5)]
  1514 | D:3      | Reached skill level 5 in Axes
  1646 | D:3      | Reached XP level 5. HP: 46/46 MP: 5/5
  2263 | D:4      | Noticed an ogre
  2268 | D:4      | Slain by an ogre

Illustrated notes

Levels and vault maps discovered:
D:1:      minmay_arrival_shoal_huts, layout_rooms,
          hellmonk_ecumenical_altar_slurped_away
D:2:      layout_rooms
D:3:      layout_loops_corners, eino_tiny_chamber
D:4:      layout_rooms, minmay_between, uniq_edmund, uniq_natasha

Skill      XL: |  1  2  3  4 |
---------------+-------------+-----
Axes           | 3 5 |  5.7
Fighting       | 4 |  4.0
Shields        | 4 |  4.0
Armour         | 4 |  4.0

Action                   |  1- 3 |  4- 6 || total
-------------------------+-------+-------++-------
Melee: War axe           |    37 |    58 ||    95
Armor: Scale mail        |    16 |    20 ||    36
Dodge: Dodged            |    14 |    19 ||    33
Block: Buckler           |     5 |     9 ||    14
